Map: King's Cove LE

Players

MRkc - Winner!

  • Race: Protoss Protoss
  • League: Silver
  • Spawn Location: 11:00

TiPtOP

  • Race: Terran Terran
  • League: Silver
  • Spawn Location: 5:00

VOD

Have the link to the VOD?

Description

Time

  • Played on: May 12, 2019, 9:13 p.m.
  • Length: 12:30
Show
View Real Time Build Order
Export as new Build Order

MRkc Protoss - Winner!

Build Orders: Colossus Rush 

Get SALT Encoding   

  12  0:02  Probe  
  13  0:14  Probe  
  14  0:21  Pylon  
  14  0:38  Probe  
  15  0:42  Gateway  
  15  0:46  Probe  
  15  0:54  Assimilator  
  15  0:55  Probe  
  16  0:58  Assimilator  
  17  1:06  Probe  
  18  1:23  Probe, Pylon  
  19  1:35  Probe  
  20  1:41  Cybernetics Core  
  20  1:55  Probe  
  21  2:08  Probe  
  21  2:22  Adept, Nexus  
  23  2:24  Probe  
  24  2:32  Robotics Facility  
  24  2:42  Probe  
  25  2:52  Adept  
  27  2:58  Probe  
  28  3:15  Probe  
  29  3:20  Robotics Bay  
  29  3:24  Stargate  
  29  3:27  Probe  
  30  3:37  Pylon  
  30  3:39  Probe  
  31  3:41  Pylon  
  31  3:54  Immortal  
  31  3:57  Probe  
  31  4:01  Probe  
  37  4:13  Forge  
  37  4:23  Probe  
  38  4:24  Probe  
  39  4:33  Probe x2  
  39  4:37  Assimilator  
  41  4:38  Assimilator  
  41  4:41  Probe x2  
  42  4:47  Colossus  
  42  4:49  Probe  
  42  4:51  Probe  
  51  5:01  Probe  
  51  5:03  Probe  
  53  5:13  Probe  
  54  5:15  Probe  
  55  5:22  Warp Gate  
  53  5:30  Probe x2  
  53  5:31  Oracle  
  53  5:40  Gateway  
  53  5:41  Protoss Ground Weapons Level 1  
  53  5:42  Gateway  
  56  5:46  Probe  
  56  5:47  Probe  
  58  6:04  Probe x2  
  60  6:13  Nexus  
  60  6:15  Pylon  
  60  6:16  Probe  
  60  6:17  Pylon  
  60  6:18  Probe, Pylon  
  62  6:31  Colossus  
  62  6:33  Probe x2  
  70  6:45  Probe x2  
  72  6:57  Probe x2  
  72  7:00  Oracle  
  77  7:08  Colossus  
  77  7:09  Probe  
  77  7:10  Probe  
  77  7:12  Zealot x3  
  85  7:19  Pylon  
  85  7:21  Pylon  
  85  7:22  Pylon  
  85  7:24  Pylon  
  91  7:36  Extended Thermal Lance  
  91  7:39  Probe x2  
  93  7:51  Probe  
  98  7:53  Stalker x2  
  98  7:54  Stalker  
  100  8:03  Probe  
  95  8:22  Stalker x3  
  101  8:27  Gateway  
  101  8:30  Gateway  
  101  8:32  Gateway  
  101  8:38  Phoenix  
  103  8:48  Probe, Colossus  
  103  8:50  Gateway  
  103  8:51  Assimilator  
  103  8:54  Stalker x2  
  103  8:55  Stalker  
  110  8:56  Assimilator  
  116  9:08  Phoenix  
  118  9:18  Probe  
  118  9:19  Probe  
  118  9:22  Stalker x2, Nexus  
  118  9:23  Stalker x2  
  128  9:35  Probe  
  128  9:36  Probe  
  130  9:47  Stalker  
  130  10:01  Stalker  
  129  10:26  Stalker x2  
  133  10:40  Pylon  
  133  10:42  Pylon  
Show
View Real Time Build Order
Export as new Build Order

TiPtOP Terran 

Build Orders:  

Get SALT Encoding   

  12  0:04  SCV  
  13  0:17  SCV  
  14  0:25  Supply Depot  
  14  0:29  SCV  
  15  0:47  SCV  
  16  0:50  Barracks  
  16  0:59  SCV  
  16  1:02  Refinery  
  18  1:11  SCV  
  18  1:23  SCV  
  19  1:27  Barracks  
  18  1:42  Marine  
  18  1:46  SCV  
  20  2:04  Barracks Reactor  
  20  2:11  SCV  
  20  2:12  Command Center  
  21  2:30  SCV  
  21  2:32  Barracks Tech Lab  
  22  2:46  Orbital Command  
  22  3:03  Marine  
  23  3:11  Supply Depot  
  23  3:23  SCV, Marine  
  25  3:29  SCV  
  26  3:41  SCV, Supply Depot  
  27  3:47  Barracks  
  27  3:51  Factory, SCV  
  27  3:54  SCV  
  29  4:04  Supply Depot  
  29  4:05  SCV  
  29  4:06  SCV  
  31  4:15  Marine x2  
  31  4:16  Marine  
  33  4:24  SCV  
  33  4:29  Stimpack  
  34  4:33  Marine x3  
  37  4:38  SCV  
  37  4:39  Supply Depot  
  37  4:40  SCV  
  37  4:42  Factory Reactor  
  37  4:45  Starport  
  39  4:52  SCV  
  40  4:53  Orbital Command, Supply Depot  
  40  5:16  Refinery  
  37  5:46  SCV x2  
  37  5:47  Marine x3  
  42  5:51  Barracks Reactor  
  42  5:58  SCV, Factory Tech Lab  
  42  6:01  Factory Tech Lab  
  43  6:05  Marine x2  
  45  6:17  Factory Tech Lab  
  45  6:18  Engineering Bay  
  45  6:29  Marine x3  
  45  6:32  Medivac x2  
  50  6:34  Marine x2  
  50  6:37  Siege Tank  
  56  6:46  Marine  
  50  7:02  Viking x2  
  54  7:16  Missile Turret  
  54  7:18  Missile Turret  
  54  7:30  Missile Turret  
  54  7:33  Missile Turret  
  54  7:38  Missile Turret  
  54  7:39  Supply Depot  
  54  7:44  Missile Turret  
  54  7:45  Marine x5  
  54  7:48  Medivac  
  61  8:01  Supply Depot  
  61  8:04  Refinery  
  61  8:05  SCV  
  62  8:17  SCV  
  63  8:22  Marine x5  
  63  8:24  Siege Tank  
  71  8:39  Marine  
  71  8:40  Marine x3  
  75  8:44  Combat Shield  
  75  8:50  SCV  
  75  8:55  Terran Infantry Weapons Level 1  
  76  9:02  SCV  
  77  9:11  Marine x2  
  77  9:12  Marine x2  
  81  9:26  Siege Tank  
  81  9:27  Liberator  
  84  9:33  Marine x5  
  92  9:49  Missile Turret  
  92  9:51  SCV x2  
  92  9:52  Refinery  
  94  10:10  SCV  
  94  10:11  SCV  
  39  10:57  Marine x3  
  39  10:58  Marine x2  
  39  11:15  Marine  
  39  11:17  Siege Tank  
Tags
 
Add a new tag
Caveats
  • Supply blocks, unpowered buildings, or Contaminate may cause inaccurate times.
  • Supply counts are checked every 10 seconds.